 Dungeon Crawl Stone Soup version 0.30.1-4-g462c640d31 (webtiles) character file.

Game seed: 994577832319075143

31824 TheGhostDragon953 the Severer (level 13, 0/171 HPs)
             Began as a Minotaur Berserker on Aug 25, 2023.
             Was a High Priest of Trog.
             Slain by an eight-headed hydra (3 damage)
             ... while petrified by a catoblepas
             ... on level 1 of the Lair of Beasts on Aug 26, 2023.
             The game lasted 00:28:37 (18718 turns).

TheGhostDragon953 the Severer (Minotaur Berserker) Turns: 18718, Time: 00:28:38

Health: 0/171      AC: 18    Str: 26    XL:     13   Next: 28%
Magic:  12/12      EV:  2    Int:  4    God:    Trog [*****.]
Gold:   848        SH:  0    Dex: 11    Spells: 12/12 levels left

rFire   . . .        D - +0 war axe
rCold   . . .        z - +0 kite shield
rNeg    + + +        A - +0 plate armour
rPois   ∞            (helmet restricted)
rElec   .            x - +0 cloak
rCorr   +            (no gloves)
SInv    .            y - +0 pair of boots
Will    .....        f - amulet of reflection Stlth
                     u - ring of flight
HPRegen 0.48/turn    b - ring of resist corrosion
MPRegen 0.13/turn

%: reflection
@: berserking (expiring), petrified, flying
A: horns 2, retaliatory headbutt
a: Renounce Religion, Berserk, Trog's Hand, Brothers in Arms


You were on level 1 of the Lair of Beasts.
You worshipped Trog.
Trog was extremely pleased with you.
You visited 2 branches of the dungeon, and saw 14 of its levels.
You visited 1 bazaar.

You collected 848 gold pieces.

Inventory:

Hand Weapons
 D - a +0 war axe (weapon)
 F - a +0 battleaxe
Armour
 x - a +0 cloak (worn)
 y - a +0 pair of boots (worn)
 z - a +0 kite shield (worn)
 A - a +0 plate armour (worn)
Jewellery
 b - a ring of resist corrosion (right hand)
 f - an amulet of reflection (around neck)
 h - an amulet of magic regeneration
 q - an amulet of guardian spirit
 u - a ring of flight (left hand)
 M - a ring of magical power
 N - a ring of see invisible
Wands
 m - a wand of digging (3)
 C - a wand of iceblast (11)
 H - a wand of flame (8)
 I - a wand of paralysis (4)
 P - a wand of polymorph (3)
Scrolls
 a - 3 scrolls of blinking
 c - 3 scrolls of fog
 d - 3 scrolls of poison
 g - 3 scrolls of vulnerability
 j - 2 scrolls of butterflies
 k - 2 scrolls of noise
 n - 3 scrolls of teleportation
 p - 2 scrolls of immolation
 s - 3 scrolls of fear
 v - a scroll of brand weapon
 E - a scroll of magic mapping {unknown}
 K - a scroll of acquirement {unknown}
Potions
 e - 4 potions of heal wounds {unknown}
 i - 2 potions of brilliance {unknown}
 l - 2 potions of haste
 o - a potion of invisibility
 r - 3 potions of cancellation {unknown}
 t - 7 potions of curing {unknown}
 w - 2 potions of ambrosia
 B - 4 potions of attraction {unknown}
 G - a potion of berserk rage {unknown}
 J - a potion of mutation {unknown}
 L - a potion of degeneration {unknown}
 O - a potion of flight {unknown}


   Skills:
 + Level 10.6 Fighting
 * Level 16.8 Axes
 + Level 11.8 Armour
 + Level 4.3 Dodging
 + Level 1.2 Stealth
 + Level 9.7 Shields
 + Level 0.8 Unarmed Combat
 * Level 8.7 Evocations


You had 12 spell levels left.
You didn't know any spells.
Your spell library was empty.

Dungeon Overview and Level Annotations

Branches:
Dungeon (13/15)            Temple (0/1) D:4            Lair (1/5) D:11
    Orc (0/2) D:9
 Vaults: D:13-14

Altars:
Dithmenos
Elyvilon
Fedhas
Gozag
Hepliaklqana
Nemelex Xobeh
Okawaru
Qazlal
Ru
Sif Muna
Trog
Uskayaw
Vehumet
Wu Jian
Yredelemnul
Zin
The Shining One

Shops:
D:7 :   D:8 :

Portals:
Trove: D:11 (give 2 scrolls of acquirement)


Innate Abilities, Weirdness & Mutations

You have a pair of horns on your head.
You reflexively headbutt those who attack you in melee.


Message History

The eight-headed hydra bites you but does no damage. x2
The eight-headed hydra bites you.
The eight-headed hydra bites you but does no damage. x2
The eight-headed hydra bites you. x2
The eight-headed hydra bites you but does no damage.
The skyshark is engulfed in calcifying dust.
The catoblepas gores you!
The skyshark is engulfed in calcifying dust.
The eight-headed hydra bites you! x2
The eight-headed hydra bites you but does no damage. x2
The eight-headed hydra bites you. x3; The eight-headed hydra bites you!
The catoblepas gores you!
* * * LOW HITPOINT WARNING * * *
The eight-headed hydra bites you!
* * * LOW HITPOINT WARNING * * *
The eight-headed hydra bites you!
* * * LOW HITPOINT WARNING * * *
The eight-headed hydra bites you!
* * * LOW HITPOINT WARNING * * *
The eight-headed hydra bites you but does no damage. x2
The eight-headed hydra bites you!
* * * LOW HITPOINT WARNING * * *
The eight-headed hydra bites you.
* * * LOW HITPOINT WARNING * * *
The eight-headed hydra completely misses you.
The catoblepas gores you but does no damage.
The eight-headed hydra bites you but does no damage.
The eight-headed hydra bites you!
* * * LOW HITPOINT WARNING * * *
The eight-headed hydra bites you!
* * * LOW HITPOINT WARNING * * *
The eight-headed hydra barely misses you.
The eight-headed hydra bites you.
* * * LOW HITPOINT WARNING * * *
The eight-headed hydra bites you but does no damage. x3
The catoblepas gores you!!
* * * LOW HITPOINT WARNING * * *
The eight-headed hydra bites you but does no damage.
The eight-headed hydra bites you.
You die...

.......### #.........#####......
.......#### #.##.#..##.##...###.#
....#..##.# #.# #[#....#..#[....
#####.....###.####..#####.#.##.##
#P#........#.##...#..#.#.....
###...#...#.###.##.##.#..####
####............#..#....###
#....###Y###.###........
##....#.@l.P#..[####.##.. #
###.....#D###.#..###.##.#.# #
#.....#.#.#!#.#.####...#.## #
#)....#.#.#+#.#..##.#...... #
#....##.#P...P#.#....###..# #
######..#######.##.##...... #
##.................... #
###...###.##......... ##
##...#####......#.#


You could see a catoblepas, a skyshark (petrified) and an eight-headed hydra.

Vanquished Creatures
  An ettin (D:13)
  2 hydras
  2 boulder beetles (D:13)
  4 centaur warriors
  8 two-headed ogres
  A skyshark (Lair:1)
  3 ugly things (D:12)
  A cyclops (D:13)
  2 manticores (D:13)
  Joseph (D:7)
  A black mamba (Lair:1)
  A gargoyle (D:7)
  A cane toad (Lair:1)
  A yaktaur (D:13)
  Psyche (D:10)
  A kobold demonologist (D:11)
  A komodo dragon (Lair:1)
  A meliai (shapeshifter) (D:13)
  4 trolls
  Grinder (D:3)
  Prince Ribbit (D:5)
  A hornet (shapeshifter) (D:13)
  A slime creature (D:13)
  4 wraiths
  2 shadows
  3 wyverns
  42 yaks
  5 basilisks
  A human (D:8)
  18 vampire mosquitoes
  A steam dragon (D:5)
  Menkaure (D:7)
  Duvessa (D:4)
  An acid dragon (D:13)
  6 water moccasins
  An ice beast (D:7)
  2 orc warriors
  2 black bears (Lair:1)
  2 sky beasts (D:7)
  4 wolves (Lair:1)
  10 centaurs
  A kobold brigand (D:7)
  Blork the orc (D:5)
  5 scorpions
  6 bullfrogs
  Dowan (D:4)
  4 electric eels (D:11)
  A howler monkey (D:6)
  A hound (D:4)
  A jelly (D:6)
  4 orc priests
  A gnoll bouda (D:6)
  A sleepcap (D:7)
  3 orc wizards
  Ijyb (D:2)
  3 iguanas
  A human skeleton (D:8)
  6 gnolls
  7 adders
  2 ufetubi
  5 worms
  5 dart slugs
  24 orcs
  3 endoplasms
  3 giant cockroaches
  14 goblins
  8 hobgoblins
  9 jackals
  12 kobolds
  4 quokkas
  9 ball pythons
  6 bats
  4 frilled lizards
  A jackal zombie (D:8)
  7 rats
311 creatures vanquished.

Vanquished Creatures (others)
  A hound (D:5)
  An ufetubus (D:5)
2 creatures vanquished.

Grand Total: 313 creatures vanquished

Notes
Turn   | Place    | Note
-------+----------+-------------------------------------------
     0 | D:1      | TheGhostDragon953 the Minotaur Berserker began the quest
                  | for the Orb.
     0 | D:1      | Reached XP level 1. HP: 19/19 MP: 0/0
   119 | D:1      | Reached skill level 4 in Axes
   123 | D:1      | Reached XP level 2. HP: 7/27 MP: 1/1
  1032 | D:1      | Reached XP level 3. HP: 33/33 MP: 2/2
  1371 | D:2      | Reached ** piety under Trog
  1439 | D:2      | Found a faded altar of an unknown god.
  1439 | D:2      | Noticed an Ice Fiend
  1456 | D:2      | Reached skill level 5 in Axes
  1480 | D:2      | Found a hide-covered altar of Uskayaw.
  1710 | D:2      | Reached XP level 4. HP: 39/40 MP: 3/3
  2017 | D:2      | Noticed Ijyb
  2028 | D:2      | Killed Ijyb
  2029 | D:2      | Reached skill level 6 in Axes
  2029 | D:2      | Reached XP level 5. HP: 41/47 MP: 4/4
  2604 | D:3      | Reached *** piety under Trog
  2882 | D:3      | Found a hide-covered altar of Uskayaw.
  3081 | D:4      | Noticed Grinder
  3092 | D:3      | Reached XP level 6. HP: 48/53 MP: 5/5
  3393 | D:4      | Paralysed by Grinder for 2 turns
  3439 | D:3      | Paralysed by Grinder for 5 turns
  3450 | D:3      | Killed Grinder
  3451 | D:3      | Reached skill level 7 in Axes
  3451 | D:3      | Reached skill level 1 in Shields
  3451 | D:3      | Reached skill level 1 in Evocations
  3763 | D:4      | Reached XP level 7. HP: 57/60 MP: 6/6
  3873 | D:4      | Found a sparkling altar of Nemelex Xobeh.
  4115 | D:4      | Found a staircase to the Ecumenical Temple.
  4238 | D:5      | Entered Level 5 of the Dungeon
  4238 | D:5      | Noticed Duvessa
  4238 | D:5      | Noticed Dowan
  4252 | D:4      | Reached skill level 8 in Axes
  4410 | D:4      | Killed Duvessa
  4417 | D:4      | Killed Dowan
  4418 | D:4      | Reached skill level 5 in Fighting
  4774 | D:5      | Noticed Blork the orc
  4783 | D:5      | Killed Blork the orc
  4826 | D:5      | Noticed a steam dragon
  4845 | D:6      | Found a bloodstained altar of Trog.
  4845 | D:6      | Found a hazy altar of Hepliaklqana.
  4845 | D:6      | Found a radiant altar of Vehumet.
  4845 | D:6      | Found an opulent altar of Gozag.
  5404 | D:7      | Reached XP level 8. HP: 64/69 MP: 7/7
  5472 | D:7      | Noticed Menkaure
  5478 | D:7      | Killed Menkaure
  5479 | D:7      | Reached skill level 9 in Axes
  5479 | D:7      | Reached skill level 5 in Armour
  5765 | D:7      | Noticed Joseph
  5777 | D:7      | Killed Joseph
  5780 | D:7      | HP: 5/105 [poisoned by a scorpion]
  5783 | D:7      | HP: 2/70 [poisoned by a scorpion]
  6117 | D:7      | Noticed a gargoyle
  6157 | D:8      | HP: 3/70 [poisoned by a water moccasin]
  6519 | D:8      | Reached skill level 10 in Axes
  6526 | D:8      | Reached XP level 9. HP: 23/75 MP: 8/8
  7145 | D:8      | Found a runed translucent door.
  7156 | D:8      | Found a basalt altar of Yredelemnul.
  7244 | D:8      | Reached skill level 11 in Axes
  7552 | D:8      | Found Giejofej's Self-Improvement Boutique.
  7987 | D:7      | Killed a gargoyle
  7988 | D:7      | Reached skill level 12 in Axes
  8322 | D:7      | Found Neply's Tremendous Tomes.
  8357 | D:7      | Reached XP level 10. HP: 77/86 MP: 9/9
  8539 | D:7      | Found a blossoming altar of Fedhas.
  8821 | D:6      | Reached **** piety under Trog
  9069 | D:6      | Found a white marble altar of Elyvilon.
  9983 | D:5      | Noticed Prince Ribbit
  9995 | D:5      | Killed Prince Ribbit
 10102 | D:5      | Found a stormy altar of Qazlal.
 10620 | D:9      | Found a sacrificial altar of Ru.
 10635 | D:9      | Found a glowing golden altar of the Shining One.
 10663 | D:9      | Found an iron altar of Okawaru.
 10670 | D:9      | Found a shimmering blue altar of Sif Muna.
 10723 | D:9      | Found an ornate altar of the Wu Jian Council.
 10785 | D:9      | Reached skill level 5 in Evocations
 10992 | D:9      | Found a staircase to the Orcish Mines.
 10998 | D:9      | Noticed a two-headed ogre
 11007 | D:9      | Killed a two-headed ogre
 11137 | D:10     | Entered Level 10 of the Dungeon
 11366 | D:9      | Found a sparkling altar of Nemelex Xobeh.
 11418 | D:9      | Noticed a two-headed ogre
 11425 | D:9      | Killed a two-headed ogre
 11426 | D:9      | Reached skill level 13 in Axes
 11426 | D:9      | Reached skill level 5 in Shields
 11481 | D:9      | Found a glowing silver altar of Zin.
 12028 | D:10     | Noticed a two-headed ogre
 12035 | D:10     | Noticed a two-headed ogre
 12040 | D:10     | Killed a two-headed ogre
 12045 | D:10     | Killed a two-headed ogre
 12046 | D:10     | Reached XP level 11. HP: 75/94 MP: 10/10
 12272 | D:10     | Noticed Psyche
 12277 | D:10     | Found a shadowy altar of Dithmenos.
 12570 | D:10     | Killed Psyche
 12616 | D:10     | You are sucked into a shaft and drop 3 floors!
 12695 | D:13     | Noticed a centaur warrior
 12722 | D:13     | Killed a centaur warrior
 12780 | D:13     | Noticed a boulder beetle
 12850 | D:13     | Killed a boulder beetle
 12851 | D:13     | Reached skill level 14 in Axes
 13193 | D:13     | Noticed a centaur warrior
 13198 | D:13     | Killed a centaur warrior
 13497 | D:13     | Noticed a four-headed hydra
 13507 | D:13     | Killed an 11-headed hydra
 13652 | D:13     | Noticed a centaur warrior
 13658 | D:13     | Killed a centaur warrior
 13659 | D:13     | Reached skill level 10 in Armour
 13659 | D:13     | Reached skill level 1 in Stealth
 13719 | D:13     | Noticed an ettin
 13728 | D:13     | Killed an ettin
 14065 | D:13     | Noticed a two-headed ogre
 14084 | D:13     | Killed a two-headed ogre
 14169 | D:13     | Reached skill level 15 in Axes
 14169 | D:13     | Reached XP level 12. HP: 68/103 MP: 11/11
 14425 | D:13     | Noticed a boulder beetle
 14442 | D:13     | Killed a boulder beetle
 14858 | D:12     | Noticed a two-headed ogre
 14874 | D:12     | Killed a two-headed ogre
 15256 | D:12     | Noticed a centaur warrior
 15265 | D:12     | Killed a centaur warrior
 15476 | D:12     | Noticed a two-headed ogre
 15477 | D:12     | Noticed a two-headed ogre
 15485 | D:12     | Killed a two-headed ogre
 15487 | D:12     | Killed a two-headed ogre
 15488 | D:12     | Reached skill level 16 in Axes
 15961 | D:11     | Found a portal to a secret trove of treasure.
 16236 | D:11     | Found a flickering gateway to a bazaar.
 16362 | Bazaar   | Entered a bazaar
 16370 | Bazaar   | Found Waycao's Book Shop.
 16397 | Bazaar   | Found Corirph's Book Shop.
 16863 | D:11     | Found a staircase to the Lair.
 17578 | Lair:1   | Entered Level 1 of the Lair of Beasts
 17634 | Lair:1   | Reached skill level 10 in Fighting
 17849 | Lair:1   | Reached XP level 13. HP: 86/113 MP: 12/12
 18149 | Lair:1   | Reached ***** piety under Trog
 18718 | Lair:1   | HP: 3/171 [catoblepas (11)]
 18718 | Lair:1   | Slain by an eight-headed hydra

Illustrated notes

Levels and vault maps discovered:
D:1:      kilobyte_arrival_exit_the_forest, layout_loops_corners,
          nicolae_kite_square_tiling_tiny
D:2:      kennysheep_the_goblin_king, layout_loops_cross, basic_altar,
          dreamdust_ecumenical_altar_sealed_demon
D:3:      layout_loops_ring, lemuel_crystal_altar, minmay_misc_feat_doors
D:4:      cheibrodos_helix_gallery, layout_cave_pools,
          nemelex_spade_bored_becter, minmay_temple_entry_slanted, uniq_grinder
D:5:      layout_cave_pools, nicolae_qazlal_eye_of_the_storm,
          hangedman_decor_riveting, uniq_blork_the_orc, uniq_prince_ribbit1,
          uniq_duvessa
D:6:      layout_basic, nicolae_overflow_hidden_temple,
          overflow_temple_1_default
D:7:      layout_cave_pools, fedhas_altar_fruit_tree,
          chequers_serial_rivers_micro_a, nicolae_shop_i_like_big_books,
          uniq_joseph, uniq_menkaure
D:8:      layout_basic, dk_yredelemnul_ordeal, nicolae_shop_self_help
D:9:      layout_irregular_city, kennysheep_mini_moat, nicolae_ru_path_of_blood,
          minitemple, kennysheep_mini, orc_0_dummy,
          chequers_serial_rivers_large_b, hangedman_feature_mirror
D:10:     layout_basic, mainiacjoe_overflow_cross_hatched,
          dreamdust_gnoll_shepherd, uniq_erolcha, uniq_psyche
D:11:     layout_basic, minmay_lair_entry_grove, serial_shops, bzr_entry_safe,
          enter_trove_3, minivault_24
D:12:     layout_long_grid
D:13:     layout_roguey, evilmike_minifort
Lair:1:   layout_misc_corridors, minmay_shattered_shrine, serial_bayou_shore_a,
          infiniplex_staircase_pool, grunt_megastairs_1

Skill      XL: |  1  2  3  4  5  6  7  8  9 10 11 12 |
---------------+-------------------------------------+-----
Axes           | 4 5 6 7 8 10 12 13 15 16 | 16.8
Fighting       | 4 5 6 7 8 10 | 10.6
Armour         | 3 4 6 7 9 10 11 | 11.8
Dodging        | 3 4 |  4.3
Shields        | 1 2 3 5 7 9 |  9.7
Evocations     | 1 2 3 4 6 7 8 |  8.7
Stealth        | 1 |  1.2
Unarmed Combat | |  0.8

Action                     |  1- 3 |  4- 6 |  7- 9 | 10-12 | 13-15 || total
---------------------------+-------+-------+-------+-------+-------++-------
  Melee: Hand axe          |    74 |   139 |   238 |   128 |       ||   579
         Headbutt          |    13 |    19 |    54 |   136 |    30 ||   252
         Punch             |     1 |     3 |     3 |     1 |       ||     8
         War axe           |       |       |       |   489 |   106 ||   595
         Unarmed           |       |       |       |    10 |       ||    10
 Invoke: Berserk           |       |     1 |     5 |    10 |     3 ||    19
         Trog's Hand       |       |       |       |     1 |       ||     1
    Use: Potion            |       |     1 |       |       |       ||     1
         Scroll            |       |       |       |    11 |       ||    11
   Stab: Petrified         |       |       |       |       |     2 ||     2
         Distracted        |       |       |       |       |     1 ||     1
 Armour: Animal skin       |     4 |       |       |       |       ||     4
         Chain mail        |     9 |    69 |    81 |    16 |       ||   175
         Plate armour      |       |       |       |   226 |    62 ||   288
         Skin              |       |       |       |     5 |       ||     5
  Dodge: Dodged            |    31 |    75 |    94 |   125 |    29 ||   354
  Block: Other             |     9 |    26 |    59 |     3 |       ||    97
         Reflection        |       |       |     2 |    32 |       ||    34
         Kite shield       |       |       |       |   388 |    71 ||   459
